 Seeded DCSS version 0.29-a0-819-g94b489e0ae (webtiles) character file.

Game seed: 20220705 (custom seed)

9 flotson the Sneak (level 2, -1/24 HPs)
             Began as a Demonspawn Delver on July 6, 2022.
             Slain by a white imp (4 damage)
             ... on level 5 of the Dungeon.
             The game lasted 00:00:37 (39 turns).

flotson the Sneak (Demonspawn Delver)                 Turns: 39, Time: 00:00:38

Health: -1/24      AC:  0    Str: 12    XL:     2   Next: 3%
Magic:  2/2        EV: 12    Int: 11    God:
Gold:   0          SH:  0    Dex: 14    Spells: 1/1 levels left

rFire   . . .      SeeInvis .   a - +0 spear
rCold   . . .      Faith    .   (no shield)
rNeg    . . .      Spirit   .   (no body armour)
rPois   .          Reflect  .   (helmet restricted)
rElec   .          Harm     .   (no cloak)
rCorr   .          Rampage  .   (no gloves)
Will    .....                   (no boots)
Stlth   +++.......              (no amulet)
HPRegen 0.08/turn               (no ring)
MPRegen 0.08/turn               (no ring)

@: lethally poisoned (-1 -> -2), hasted, very quick
A: antennae 1
a: no special abilities


You were on level 5 of the Dungeon.
You visited 1 branch of the dungeon, and saw 1 of its levels.

Inventory:

Hand Weapons
 a - a +0 spear (weapon)
Armour
 b - a +0 leather armour
 h - the +1 robe of the Battered Songs {rC+ rCorr Str+2 Stlth-}
   (You found it on level 5 of the Dungeon)

   Str:       It affects your strength (+2).
   rC:        It protects you from cold.
   rCorr:     It protects you from acid and corrosion.
   Stlth:     It makes you less stealthy.
Wands
 g - a wand of digging (3)
Scrolls
 c - a scroll of fog


   Skills:
 + Level 3.1 Fighting
 + Level 0.3(1.1) Axes
 - Level 1.7(1.8) Polearms
 + Level 0.3 Armour
 + Level 1.9 Dodging
 + Level 4.6 Stealth
 + Level 0.5 Evocations


You had one spell level left.
You didn't know any spells.
Your spell library was empty.

Dungeon Overview and Level Annotations

Branches:
Dungeon (5/15)
 Temple: D:4-7

Altars:


Innate Abilities, Weirdness & Mutations

You have a pair of small antennae on your head.


Message History

Found a throwing net.
You feel yourself speed up.
An iguana and a white imp come into view.
The adder hisses angrily.
You closely miss the adder. The adder barely misses you.
You hit the adder.
The adder is moderately wounded.
The adder completely misses you.
You hit the adder but do no damage.
The adder is moderately wounded.
The adder bites you.
You hit the adder.
The adder is heavily wounded.
The adder bites you.
You are poisoned.
The adder poisons you!
You hit the adder.
The adder is severely wounded.
You feel sick. The adder misses you.
You barely miss the adder.
The adder is severely wounded.
You feel sick. The adder closely misses you.
You hit the adder.
You kill the adder!
You feel sick.
You have reached level 2!
Your demonic ancestry asserts itself...
A pair of antennae grows on your head!
You hit the white imp but do no damage. The white imp hits you.
The white imp freezes you.
* * * LOW HITPOINT WARNING * * *
You barely miss the white imp.
You feel sick.
You hit the white imp.
You punch the white imp, but do no damage.
The white imp is lightly wounded.
You feel sick. The white imp barely misses you. The iguana barely misses you.
You hit the white imp but do no damage.
The white imp is lightly wounded.
The water moccasin barely misses you. The white imp hits you.
You die...

*,,,,,,,,,,,,,,,,** *,,
**.............,,,* *,,
*#............,,,* *,, *****
*............,,,** *,,
**,,,*** **...........,,,,*
**, *,,,,,.#*
**..........,,,,* *,
*,,,,...#* **.........,,,,**
** *........###
*#5l......,,,,,****
#..........##
#@.......,,,,,,,,,
#...........##
#S#......,,,,,****
#............###.#*.....,,,,,*
*
#.............#.##**....,,,,**
** #...............#
**...,,,** *,
#...............## **#.,*** *,
#................## **** *,
#.................## **,
#..................# *,,


You could see a water moccasin, an iguana and a white imp.

Vanquished Creatures
  An adder (D:5)
1 creature vanquished.

Notes
Turn   | Place    | Note
-------+----------+-------------------------------------------
     0 | D:5      | flotson the Demonspawn Delver began the quest for the Orb.
     0 | D:5      | Reached XP level 1. HP: 18/18 MP: 1/1
     1 | D:5      | Noticed a water moccasin
     6 | D:5      | Identified the +1 robe of the Battered Songs {rC+ rCorr
                  | Str+2 Stlth-}
    28 | D:5      | Noticed an iguana
    36 | D:5      | Gained mutation: You have a pair of small antennae on your
                  | head. [demonic ancestry]
    36 | D:5      | Reached XP level 2. HP: 10/24 MP: 2/2
    39 | D:5      | Slain by a white imp

Illustrated notes

Levels and vault maps discovered:
D:5:      layout_cave_pods, kennysheep_mini, serial_shops,
          nicolae_shop_advertising_works [nicolae_subvault_shop_adworks],
          chequers_serial_rivers_room_b, uniq_blork_the_orc

Action                   || total
-------------------------++-------
Melee: Spear             ||    11
       Punch             ||     1
  Use: Scroll            ||     2
       Potion            ||     1
Dodge: Dodged            ||     7

Table legend: (Time is in decaauts)
 A = Elapsed time spent in this place.
 B = Non-inter-level travel time spent in this place.
 C = Inter-level travel time spent in this place.
 D = Time resting spent in this place.
 E = Time spent auto-exploring this place.
 F = Levels seen in this place.
 G = Mean time per level.
                   A        B        C        D        E       F      G
               +--------+--------+--------+--------+--------+-----+--------+
         Total |     35 |     35 |      0 |      0 |      1 |   1 |   35.0 |
       Dungeon |     35 |     35 |      0 |      0 |      1 |   1 |   35.0 |
               +--------+--------+--------+--------+--------+-----+--------+

Top non-repeatable levels by time:
     D:5: 35 daAuts
